 Dungeon Sprint DCSS version 0.18.1-50-g88ac8fd (webtiles) character file.

245 mopl the Thaumaturge (level 5, -4/42 HPs)
             Began as a Deep Elf Summoner on July 17, 2019.
             Was a Believer of Sif Muna.
             Slain by Sonja
             ... wielding a +0 short sword of distortion
              (11 damage)
             ... in the Dungeon (Sprint I: "Red Sonja").
             The game lasted 00:02:14 (502 turns).

mopl the Thaumaturge (Deep Elf Summoner)             Turns: 502, Time: 00:02:14

Health: -4/42      AC:  2    Str: 10    XL:     5   Next: 83%
Magic:  14/20      EV: 13    Int: 21    God:    Sif Muna [**....]
Gold:   316        SH:  0    Dex: 15    Spells: 6 memorised, 8 levels left

rFire  . . .     SeeInvis .     (no weapon)
rCold  . . .     Gourm    .     a - +0 robe
rNeg   . . .     Faith    .     (no shield)
rPois  .         Spirit   .     (no helmet)
rElec  .         Dismiss  .     (no cloak)
rCorr  .         Reflect  .     (no gloves)
SustAt .         Harm     .     (no boots)
MR     .....     NoTele   +     (no amulet)
Stlth  ..........               (no ring)
                                (no ring)

@: berserking, slowed, not resistant to hostile enchantments, extremely
unstealthy
A: no striking features
a: Channel Energy, Renounce Religion


You were in the Dungeon.
You worshipped Sif Muna.
Sif Muna was pleased with you.
You were not hungry.

You visited 1 branch You collected 316 gold pieces.

Inventory:

Hand Weapons
 k - a +0 scythe
Armour
 a - a +0 robe (worn)
Scrolls
 i - a scroll of blinking
Potions
 e - a potion of heal wounds
 f - a potion of haste
 g - 2 potions of magic
Books
 b - a book of Callings

   Spells                             Type                      Level
   a - Summon Small Mammal            Summoning                    1
   b - Call Imp                       Summoning                    2
   c - Call Canine Familiar           Summoning                    3
   d - Summon Guardian Golem          Hexes/Summoning              3
   e - Summon Lightning Spire         Summoning/Air                4
   f - Summon Ice Beast               Ice/Summoning                4
Comestibles
 c - a bread ration
 l - a meat ration


   Skills:
 - Level 2.4 Dodging
 - Level 2.4 Stealth
 * Level 10.8 Spellcasting
 * Level 9.9 Summonings
 + Level 2.6 Ice Magic
 + Level 2.5 Air Magic


You had 8 spell levels left.
You knew the following spells:

 Your Spells              Type           Power        Failure   Level  Hunger
a - Summon Small Mammal   Summ           ####         1%          1    None
b - Call Imp              Summ           ######..     1%          2    None
c - Call Canine Familiar  Summ           ######..     1%          3    None
d - Summon Ice Beast      Ice/Summ       #####...     4%          4    ##.....
f - Summon Lightning Spi  Summ/Air       #####...     6%          4    ##.....
g - Summon Guardian Gole  Hex/Summ       ####....     2%          3    None


Dungeon Overview and Level Annotations

Branches:
Dungeon (1/1)

Altars:
Cheibriados
Dithmenos
Fedhas
Sif Muna
Vehumet
Jiyva

Annotations:
D Sonja


Message History

Drink which item? (? for menu, Esc to quit)
Okay, then.
Unknown command.
Drink which item? (? for menu, Esc to quit)
Really quaff
h - a potion of berserk rage {!q}?
A red film seems to cover your vision as you go berserk!
You feel yourself moving faster!
You feel mighty!
Your ice beast disappears!
Sonja hits your lightning spire but does no damage.
Space bends around your lightning spire.
Sonja hits your lightning spire but does no damage.
Space bends around your lightning spire.
Sonja barely misses your lightning spire.
Unknown command.
You barely miss Sonja.
Sonja is almost dead.
Sonja hits you with an uncursed short sword of distortion!
* * * LOW HITPOINT WARNING * * *
Space warps horribly around you!
You die...

###################
#<.#..'5.#..'..#__#
#.)'..#..'..#..'..+
#.)#####'#####'#__#
## #..#
#..#...#.####?§#
#..#
####..##.#§≈§§c#
#..# ##'#..+≈≈§§
#⌠⌠# +..._#§≈§§
#### #@K#'##+##
##8#.# #.### $.$
$.$# ##.## #+#


You could see Sonja and a friendly lightning spire.

Vanquished Creatures (collateral kills)
  A slime creature (D)
  Sigmund (D)
  An ogre (D)
  A jelly (D)
  Ijyb (D)
5 creatures vanquished.

Notes
Turn   | Place    | Note
--------------------------------------------------------------
     0 | D        | mopl the Deep Elf Summoner began the quest for the Orb.
     0 | D        | Reached XP level 1. HP: 10/10 MP: 6/6
     1 | D        | Noticed Ijyb
    32 | D        | Killed Ijyb
    32 | D        | Reached skill level 5 in Spellcasting
    32 | D        | Reached skill level 5 in Summonings
    32 | D        | Reached XP level 2. HP: 15/15 MP: 0/10
   121 | D        | Learned a level 2 spell: Call Imp
   123 | D        | Noticed an ogre
   142 | D        | Killed an ogre
   142 | D        | Reached skill level 7 in Spellcasting
   142 | D        | Reached skill level 7 in Summonings
   142 | D        | Reached XP level 3. HP: 19/19 MP: 2/13
   162 | D        | Learned a level 3 spell: Call Canine Familiar
   166 | D        | Learned a level 3 spell: Summon Guardian Golem
   226 | D        | Noticed Sigmund
   234 | D        | Killed Sigmund
   234 | D        | Reached skill level 9 in Spellcasting
   234 | D        | Reached skill level 8 in Summonings
   234 | D        | Reached XP level 4. HP: 23/24 MP: 4/17
   234 | D        | Reached XP level 5. HP: 27/28 MP: 4/19
   244 | D        | Learned a level 4 spell: Summon Ice Beast
   249 | D        | Learned a level 4 spell: Summon Lightning Spire
   334 | D        | Found a deep blue altar of Sif Muna.
   339 | D        | Found a radiant altar of Vehumet.
   343 | D        | Became a worshipper of Sif Muna the Loreminder
   347 | D        | Reached skill level 9 in Summonings
   352 | D        | Found a viscous altar of Jiyva.
   354 | D        | Found a blossoming altar of Fedhas.
   354 | D        | Noticed a slime creature
   355 | D        | Found a snail-covered altar of Cheibriados.
   355 | D        | Found a shadowy altar of Dithmenos.
   365 | D        | Killed a slime creature
   365 | D        | Reached * piety under Sif Muna
   365 | D        | Reached ** piety under Sif Muna
   365 | D        | Reached skill level 10 in Spellcasting
   365 | D        | Reached skill level 2 in Ice Magic
   365 | D        | Reached skill level 2 in Air Magic
   466 | D        | Noticed a centaur warrior
   493 | D        | Noticed Sonja
   496 | D        | HP: 1/28 [poisoned by Sonja (curare-tipped needle)]
   502 | D        | Slain by Sonja

Skill      XL: |  1  2  3  4  5 |
---------------+----------------+-----
Spellcasting   | 5 7 9 10 | 10.8
Summonings     | 5 7 8 9 |  9.9
Ice Magic      | 2 |  2.6
Air Magic      | 2 |  2.5
Dodging        | |  2.4
Stealth        | |  2.4

Action                   |  1- 3 |  4- 6 || total
-------------------------+-------+-------++-------
Melee: Unarmed           |       |     1 ||     1
 Cast: Summon Small Mamm |     9 |       ||     9
       Call Imp          |     8 |       ||     8
       Call Canine Famil |     1 |       ||     1
       Summon Ice Beast  |       |     3 ||     3
       Summon Lightning  |       |     1 ||     1
  Use: Potion            |       |     2 ||     2
Armor: Robe              |     1 |       ||     1
Dodge: Dodged            |     3 |       ||     3
